 Dungeon Crawl Stone Soup version 0.31-a0-625-gc9c7e45f3f (webtiles) character file.

Game seed: 6967403132763978219

2 GordonOverkill the Sneak (level 1, -6/11 HPs)
             Began as a Vine Stalker Delver on Aug 24, 2023.
             Splashed by a jelly's acid (11 damage)
             ... on level 7 of the Dungeon.
             The game lasted 00:00:32 (102 turns).

GordonOverkill the Sneak (Vine Stalker Delver)       Turns: 102, Time: 00:00:33

Health: -6/11      AC: -5    Str: 14    XL:     1   Next: 30%
Magic:  0/2        EV: 11    Int: 10    God:
Gold:   0          SH:  0    Dex: 15    Spells: 0/0 levels left

rFire   . . .        a - +0 short sword
rCold   . . .        (no shield)
rNeg    . . .        b - +0 leather armour
rPois   .            (no helmet)
rElec   .            (no cloak)
rCorr   .            (no gloves)
SInv    .            (no boots)
Will    .....        (no amulet)
Stlth   +++          (no ring)
HPRegen 0.21/turn    (no ring)
MPRegen 0.08/turn

%: guardian spirit
@: corroded, hasted, very quick
A: fangs 2, magic shield, antimagic bite, no potion heal 2
a: no special abilities


You were on level 7 of the Dungeon.
You visited 1 branch of the dungeon, and saw 3 of its levels.

Inventory:

Hand Weapons
 a - a +0 short sword (weapon)
Armour
 b - a +0 leather armour (worn)
Wands
 g - a wand of digging (3)
Scrolls
 c - a scroll of fog
 d - a scroll of revelation
 e - a scroll of fear


   Skills:
 + Level 2.8 Fighting
 - Level 1.7 Short Blades
 - Level 1.5 Dodging
 - Level 6.0 Stealth


You couldn't memorise any spells.
You didn't know any spells.
Your spell library was empty.

Dungeon Overview and Level Annotations

Branches:
Dungeon (7/15)
 Temple: D:4-7

Altars:

Annotations:
D:7 Joseph


Innate Abilities, Weirdness & Mutations

You have extremely sharp teeth.
When hurt, damage is shared between your health and your magic reserves.
Your bite disrupts and absorbs the magic of your enemies.
Potions cannot restore your health.


Message History

A sentinel's mark forms upon you.
A jelly comes into view.
Found 8 stones.
The jelly quivers.
You hear a shout! x6; You hear an angry hiss.
You hear a shout! x6
You see here a +0 sling.
The sentinel's mark upon you fades away.
There is a stone staircase leading up here.
You climb upwards.
The orc hits you with a +0 whip. x2
An orc wizard comes into view. It is wielding a +0 dagger of venom.
There is a stone staircase leading down here.
The orc closely misses you.
You climb downwards.
There is a stone staircase leading up here.
You feel yourself speed up. The orc closely misses you.
You completely miss the orc. The orc hits you but does no damage.
You hit the orc.
The orc is heavily wounded.
You hit the orc. You bite the orc, but do no damage.
The orc is almost dead.
The orc misses you.
You hit the orc but do no damage.
The orc is almost dead.
Joseph, a Mercenary comes into view.
He is wielding a +0 quarterstaff of speed.
You hit the orc but do no damage. You bite the orc.
You kill the orc!
The jelly misses you.
Things that are here:
a +0 whip; a +0 leather armour; an orc corpse You hit the jelly.
The acid corrodes you!
Your hands burn!
* * * LOW HITPOINT WARNING * * *
The jelly is moderately wounded.
You hit the jelly but do no damage.
Your hands burn!
* * * LOW HITPOINT WARNING * * *
The jelly is moderately wounded.
The jelly hits you.
* * * LOW HITPOINT WARNING * * *
The acid corrodes you!
You are splashed with acid!
Ouch! That really hurt!
You die...

#.#
#.#
#.#
####.#
#....#
#.####
#@#
#J#
#@#
#<#
###


You could see Joseph and a jelly.

Vanquished Creatures
  An orc (D:7)
1 creature vanquished.

Notes
Turn   | Place    | Note
-------+----------+-------------------------------------------
     0 | D:5      | GordonOverkill the Vine Stalker Delver began the quest for
                  | the Orb.
     0 | D:5      | Reached XP level 1. HP: 11/11 MP: 2/2
     1 | D:6      | Noticed a sleepcap
     7 | D:6      | Noticed an orc wizard
    51 | D:7      | Noticed a jelly
    91 | D:6      | Noticed an orc wizard
    98 | D:7      | Noticed Joseph
   102 | D:7      | Splashed by a jelly's acid

Illustrated notes

Levels and vault maps discovered:
D:5:      layout_loops_cross, grunt_temple_overflow_open, serial_shops, shop,
          kennysheep_windowed_goal
D:6:      layout_cave_pools
D:7:      layout_basic, temple_pool_b, minmay_unpleasant_kobolds, uniq_joseph

Action                     || total
---------------------------++-------
  Melee: Short sword       ||     7
         Bite              ||     2
    Use: Potion            ||     1
 Armour: Leather armour    ||     1
  Dodge: Dodged            ||     4

Table legend: (Time is in decaauts)
 A = Elapsed time spent in this place.
 B = Non-inter-level travel time spent in this place.
 C = Inter-level travel time spent in this place.
 D = Time resting spent in this place.
 E = Time spent auto-exploring this place.
 F = Levels seen in this place.
 G = Mean time per level.
                   A        B        C        D        E       F      G
               +--------+--------+--------+--------+--------+-----+--------+
         Total |    100 |    100 |      0 |      0 |      0 |   3 |   33.3 |
       Dungeon |    100 |    100 |      0 |      0 |      0 |   3 |   33.3 |
               +--------+--------+--------+--------+--------+-----+--------+

Top non-repeatable levels by time:
     D:7: 83 daAuts
     D:6: 11 daAuts
     D:5: 5 daAuts
